TOP OF THE 1ST |
Idaho Falls Chukars batting - Pitching for Mahoning Valley Scrappers : RHP Marcus Cox
|
Pitching: RHP Marcus Cox
|
|
Batting: RHB Chad Sullivan
|
0-0: Foul Ball, location: 2F 0-1: Swinging Strike 0-2: Foul Ball, location: 2F 0-2: Ball 1-2: Ball 2-2: Foul Ball, location: 2F 2-2: Strikes out swinging
|
Batting: RHB Kevin Allen
|
0-0: Foul Ball, location: 2F 0-1: Ball 1-1: Swinging Strike 1-2: Foul Ball, location: 2F 1-2: Foul Ball, location: 2F 1-2: Strikes out swinging
|
Batting: RHB Edite Leoni
|
0-0: Foul Ball, location: 2F 0-1: Ball 1-1: SINGLE (Groundball, 4MS, EV 93.8 MPH)
|
Batting: RHB Ken Postlethwaite
|
0-0: Ball Pickoff Throw to First - Out! 1-3
|
Top of the 1st over - 0 runs, 1 hit, 0 errors, 0 left on base; Idaho Falls 0 - Mahoning Valley 0 |
BOTTOM OF THE 1ST |
Mahoning Valley Scrappers batting - Pitching for Idaho Falls Chukars : RHP Rich Frontczak
|
Pitching: RHP Rich Frontczak
|
|
Batting: LHB John Harring
|
0-0: Ball 1-0: Ball 2-0: Ball 3-0: Called Strike 3-1: TRIPLE (Line Drive, 89XD, EV 100.6 MPH)
|
Batting: RHB Ricky Cordova
|
0-0: Ball 1-0: Ball 2-0: Ball 3-0: Called Strike 3-1: Foul Ball, location: 2F 3-2: Base on Balls
|
Batting: RHB Ryan Gautney
|
0-0: Ball Ricky Cordova steals 2nd base (no throw) 1-0: Foul Ball, location: 2F 1-1: Ball 2-1: SINGLE (Groundball, 25, EV 70.6 MPH) (infield hit)
|
Batting: SHB Joe Zeiset
|
0-0: Ball 1-0: Foul Ball, location: 2F 1-1: Foul Ball, location: 2F 1-2: Ball 2-2: Strikes out looking
|
Batting: LHB Devon Grant
|
0-0: Foul Ball, location: 2F 0-1: Swinging Strike 0-2: Ball 1-2: DOUBLE (Groundball, 5L, EV 108.1 MPH) John Harring scores Ricky Cordova scores Ryan Gautney to third
|
Batting: RHB Willie Gonzales
|
0-0: Called Strike 0-1: Foul Ball, location: 2F 0-2: Ball Wild Pitch! Ryan Gautney scores Devon Grant to third 1-2: Fly out, F2 (Popup, 25F, EV 88.1 MPH)
|
Pitching: RHP Travis Stump
|
|
Batting: RHB Jeremy Givens
|
0-0: Swinging Strike Passed Ball! Devon Grant scores 0-1: Ball 1-1: Swinging Strike 1-2: Foul Ball, location: 2F 1-2: Ball 2-2: Ball 3-2: Strikes out swinging
|
Bottom of the 1st over - 4 runs, 3 hits, 0 errors, 0 left on base; Idaho Falls 0 - Mahoning Valley 4 |
TOP OF THE 2ND |
Idaho Falls Chukars batting - Pitching for Mahoning Valley Scrappers : RHP Marcus Cox
|
Batting: RHB Ken Postlethwaite
|
0-0: Foul Ball, location: 2F 0-1: Foul Ball, location: 2F 0-2: Strikes out looking
|
Batting: RHB Nate De Jongh
|
0-0: Ball 1-0: Foul Ball, location: 2F 1-1: SINGLE (Groundball, 56D, EV 98.1 MPH)
|
Batting: RHB Eric Dyer
|
0-0: Called Strike Nate De Jongh steals 2nd base 0-1: Swinging Strike Passed Ball! Nate De Jongh to third 0-2: Foul Ball, location: 2F 0-2: Ball 1-2: Foul Ball, location: 2F 1-2: Ball 2-2: Ball 3-2: Strikes out swinging
|
Batting: RHB Ben Minge
|
0-0: Called Strike 0-1: Foul Ball, location: 2F 0-2: Ball 1-2: Ball 2-2: Foul Ball, location: 2F 2-2: Ball Passed Ball! Nate De Jongh scores 3-2: Base on Balls
|
Batting: LHB Randy Stapleton
|
0-0: Called Strike 0-1: Ball 1-1: Ball 2-1: Called Strike 2-2: Strikes out swinging
|
Top of the 2nd over - 1 run, 1 hit, 0 errors, 1 left on base; Idaho Falls 1 - Mahoning Valley 4 |
BOTTOM OF THE 2ND |
Mahoning Valley Scrappers batting - Pitching for Idaho Falls Chukars : RHP Travis Stump
|
Batting: RHB Gashie Chimsima
|
0-0: Called Strike 0-1: Called Strike 0-2: Ball 1-2: TRIPLE (Line Drive, 78XD, EV 103.8 MPH)
|
Batting: LHB Tom Bemis
|
0-0: Called Strike 0-1: Ball 1-1: Fly out, F9 (Flyball, 89S, EV 96.9 MPH)
|
Batting: LHB John Harring
|
0-0: Ball 1-0: Called Strike 1-1: Called Strike 1-2: DOUBLE (Line Drive, 78D, EV 105.0 MPH) Gashie Chimsima scores
|
Pitching: RHP Tony Jimenez
|
|
Batting: RHB Ricky Cordova
|
0-0: Called Strike 0-1: Ball 1-1: Swinging Strike 1-2: Strikes out swinging
|
Batting: RHB Ryan Gautney
|
0-0: Called Strike 0-1: Ball 1-1: Ball 2-1: Ball 3-1: Base on Balls
|
Batting: SHB Joe Zeiset
|
0-0: SINGLE (Line Drive, 7S, EV 93.1 MPH) John Harring to third Ryan Gautney to second Runner from 3rd tries for Home, throw by LF and OUT! 7-2
|
Bottom of the 2nd over - 1 run, 3 hits, 0 errors, 2 left on base; Idaho Falls 1 - Mahoning Valley 5 |
TOP OF THE 3RD |
Idaho Falls Chukars batting - Pitching for Mahoning Valley Scrappers : RHP Marcus Cox
|
Batting: RHB Timotheus Cooper
|
0-0: Foul Ball, location: 2F 0-1: Swinging Strike 0-2: Strikes out swinging
|
Batting: RHB Chad Sullivan
|
0-0: Ball 1-0: Called Strike 1-1: Foul Ball, location: 2F 1-2: Ball 2-2: Strikes out looking
|
Batting: RHB Kevin Allen
|
0-0: Called Strike 0-1: Foul Ball, location: 2F 0-2: Ball 1-2: Foul Ball, location: 2F 1-2: DOUBLE (Line Drive, 89D, EV 105.6 MPH)
|
Batting: RHB Edite Leoni
|
0-0: Ground out 5-3 (Groundball, 56, EV 83.8 MPH)
|
Top of the 3rd over - 0 runs, 1 hit, 0 errors, 1 left on base; Idaho Falls 1 - Mahoning Valley 5 |
BOTTOM OF THE 3RD |
Mahoning Valley Scrappers batting - Pitching for Idaho Falls Chukars : RHP Tony Jimenez
|
Batting: LHB Devon Grant
|
0-0: Ball 1-0: Foul Ball, location: 2F 1-1: Foul Ball, location: 2F 1-2: Foul Ball, location: 2F 1-2: Ball 2-2: Ball 3-2: Strikes out swinging
|
Batting: RHB Willie Gonzales
|
0-0: Called Strike 0-1: Ball 1-1: Ball 2-1: Ground out U3 (Groundball, 34S, EV 74.4 MPH)
|
Batting: RHB Jeremy Givens
|
0-0: Called Strike 0-1: SINGLE (Flyball, 5D, EV 89.4 MPH)
|
Batting: RHB Gashie Chimsima
|
0-0: Called Strike 0-1: Foul Ball, location: 2F 0-2: Foul Ball, location: 2F 0-2: Ball Jeremy Givens steals 2nd base (no throw) 1-2: SINGLE (Line Drive, 3D, EV 106.9 MPH) Jeremy Givens to third
|
Batting: LHB Tom Bemis
|
0-0: Ball 1-0: Called Strike 1-1: Swinging Strike 1-2: Strikes out swinging
|
Bottom of the 3rd over - 0 runs, 2 hits, 0 errors, 2 left on base; Idaho Falls 1 - Mahoning Valley 5 |
TOP OF THE 4TH |
Idaho Falls Chukars batting - Pitching for Mahoning Valley Scrappers : RHP Marcus Cox
|
Batting: RHB Ken Postlethwaite
|
0-0: Swinging Strike 0-1: Hit by Pitch
|
Batting: RHB Nate De Jongh
|
0-0: Ball 1-0: Swinging Strike 1-1: Swinging Strike 1-2: Strikes out swinging
|
Batting: RHB Eric Dyer
|
0-0: Ball 1-0: Ball 2-0: Ball 3-0: Called Strike 3-1: Foul Ball, location: 2F 3-2: Base on Balls Ken Postlethwaite to second
|
Batting: RHB Ben Minge
|
0-0: Swinging Strike 0-1: Foul Ball, location: 2F 0-2: Ball 1-2: Ball 2-2: Strikes out swinging
|
Batting: LHB Randy Stapleton
|
0-0: Foul Ball, location: 2F 0-1: Ball 1-1: Called Strike 1-2: Ball 2-2: Strikes out swinging
|
Top of the 4th over - 0 runs, 0 hits, 0 errors, 2 left on base; Idaho Falls 1 - Mahoning Valley 5 |
BOTTOM OF THE 4TH |
Mahoning Valley Scrappers batting - Pitching for Idaho Falls Chukars : RHP Tony Jimenez
|
Batting: LHB John Harring
|
0-0: Ball 1-0: Swinging Strike 1-1: Foul Ball, location: 2F 1-2: Ground out U3 (Groundball, 3, EV 79.4 MPH)
|
Batting: RHB Ricky Cordova
|
0-0: Called Strike 0-1: Ball 1-1: Ball 2-1: Ball 3-1: Base on Balls
|
Batting: RHB Ryan Gautney
|
0-0: Called Strike Ricky Cordova steals 2nd base 0-1: Called Strike 0-2: Ball 1-2: Ball 2-2: Foul Ball, location: 2F 2-2: SINGLE (Line Drive, 8RS, EV 106.9 MPH) Ricky Cordova to third
|
Batting: SHB Joe Zeiset
|
0-0: SINGLE (Line Drive, 5D, EV 95.6 MPH) Ricky Cordova scores Ryan Gautney to second
|
Batting: LHB Devon Grant
|
0-0: Called Strike 0-1: Foul Ball, location: 2F 0-2: Foul Ball, location: 2F 0-2: Fielders Choice at 2nd, 3-6 (Groundball, 3, EV 85.6 MPH) Ryan Gautney to third
|
Batting: RHB Willie Gonzales
|
0-0: Fly out, F9 (Line Drive, 9, EV 89.4 MPH)
|
Bottom of the 4th over - 1 run, 2 hits, 0 errors, 2 left on base; Idaho Falls 1 - Mahoning Valley 6 |
TOP OF THE 5TH |
Idaho Falls Chukars batting - Pitching for Mahoning Valley Scrappers : RHP Marcus Cox
|
Batting: RHB Timotheus Cooper
|
0-0: Called Strike 0-1: Ball 1-1: Called Strike 1-2: Strikes out swinging
|
Batting: RHB Chad Sullivan
|
0-0: Ball 1-0: Ball 2-0: Ground out 5-3 (Groundball, 56S, EV 65.6 MPH)
|
Batting: RHB Kevin Allen
|
0-0: Called Strike 0-1: Ball 1-1: Ground out 4-3 (Groundball, 4, EV 85.0 MPH)
|
Top of the 5th over - 0 runs, 0 hits, 0 errors, 0 left on base; Idaho Falls 1 - Mahoning Valley 6 |
BOTTOM OF THE 5TH |
Mahoning Valley Scrappers batting - Pitching for Idaho Falls Chukars : RHP Tony Jimenez
|
Batting: RHB Jeremy Givens
|
0-0: Ball 1-0: Called Strike 1-1: Ball 2-1: Foul Ball, location: 2F 2-2: Ball 3-2: Foul Ball, location: 2F 3-2: Base on Balls
|
Batting: RHB Gashie Chimsima
|
0-0: Ball 1-0: Swinging Strike 1-1: Called Strike 1-2: Ball 2-2: Foul Ball, location: 2F 2-2: DOUBLE (Flyball, 8RD, EV 86.2 MPH) Jeremy Givens to third
|
Pitching: LHP John Wagner
|
|
Batting: LHB Tom Bemis
|
0-0: Called Strike 0-1: Foul Ball, location: 2F 0-2: Ball Balk! Jeremy Givens scores Gashie Chimsima to third 1-2: Ball 2-2: Foul Ball, location: 2F 2-2: Ball 3-2: Ground out U3 (Groundball, 23, EV 85.0 MPH)
|
Batting: LHB John Harring
|
0-0: Ball Wild Pitch! Gashie Chimsima scores 1-0: Ball 2-0: Foul Ball, location: 2F 2-1: Swinging Strike 2-2: Foul Ball, location: 2F 2-2: Foul Ball, location: 2F 2-2: Ground out 6-3 (Groundball, 6, EV 106.2 MPH)
|
Batting: RHB Ricky Cordova
|
0-0: Ball 1-0: DOUBLE (Line Drive, 8RXD, EV 108.8 MPH)
|
Batting: RHB Ryan Gautney
|
0-0: Ball Wild Pitch! Ricky Cordova to third 1-0: SINGLE (Groundball, 15S, EV 70.0 MPH) (infield hit) Ricky Cordova scores
|
Batting: SHB Joe Zeiset
|
0-0: DOUBLE (Groundball, 5L, EV 100.6 MPH) Ryan Gautney to third Runner from 3rd tries for Home, SAFE, no throw by LF
|
Batting: LHB Devon Grant
|
0-0: Ball 1-0: Called Strike 1-1: Ball 2-1: Swinging Strike 2-2: Ground out 4-3 (Groundball, 4, EV 94.4 MPH)
|
Bottom of the 5th over - 4 runs, 4 hits, 0 errors, 1 left on base; Idaho Falls 1 - Mahoning Valley 10 |
TOP OF THE 6TH |
Idaho Falls Chukars batting - Pitching for Mahoning Valley Scrappers : RHP Marcus Cox
|
Batting: RHB Edite Leoni
|
0-0: Ball 1-0: Called Strike 1-1: Ball 2-1: Ground out 6-3 (Groundball, 6, EV 101.2 MPH)
|
Batting: RHB Ken Postlethwaite
|
0-0: Ball 1-0: Ball 2-0: SINGLE (Flyball, 4MD, EV 86.2 MPH)
|
Batting: RHB Nate De Jongh
|
0-0: Swinging Strike 0-1: Swinging Strike 0-2: Ball 1-2: Strikes out swinging
|
Batting: RHB Eric Dyer
|
0-0: Called Strike 0-1: Foul Ball, location: 2F 0-2: Ball 1-2: Strikes out swinging
|
Top of the 6th over - 0 runs, 1 hit, 0 errors, 1 left on base; Idaho Falls 1 - Mahoning Valley 10 |
BOTTOM OF THE 6TH |
Mahoning Valley Scrappers batting - Pitching for Idaho Falls Chukars : LHP John Wagner
|
Batting: RHB Willie Gonzales
|
0-0: SINGLE (Groundball, 56D, EV 101.2 MPH)
|
Batting: RHB Jeremy Givens
|
0-0: Called Strike 0-1: SINGLE (Groundball, 6MD, EV 101.2 MPH) Willie Gonzales to second
|
Batting: RHB Gashie Chimsima
|
0-0: Ball 1-0: Ball 2-0: Ball 3-0: Foul Ball, location: 2F 3-1: Base on Balls Willie Gonzales to third Jeremy Givens to second
|
Batting: LHB Tom Bemis
|
0-0: Ball 1-0: Called Strike 1-1: Ball Wild Pitch! Willie Gonzales scores Jeremy Givens to third Gashie Chimsima to second 2-1: Foul Ball, location: 2F 2-2: Ball Balk! Jeremy Givens scores Gashie Chimsima to third 3-2: Base on Balls
|
Pitching: RHP Jeremy Haun
|
|
Batting: LHB John Harring
|
0-0: Called Strike 0-1: 3-RUN HOME RUN (Flyball, 9LD, EV 96.2 MPH), Distance : 346 ft
|
Batting: RHB Ricky Cordova
|
0-0: Foul Ball, location: 2F 0-1: Ball 1-1: Ball 2-1: Ground out 4-3 (Groundball, 34D, EV 96.2 MPH)
|
Batting: RHB Ryan Gautney
|
0-0: Fly out, F9 (Flyball, 9, EV 79.4 MPH)
|
Batting: SHB Joe Zeiset
|
0-0: Called Strike 0-1: Ball 1-1: Swinging Strike 1-2: Reached on error, E2 (Groundball, 2R, EV 75.6 MPH)
|
Batting: LHB Devon Grant
|
0-0: DOUBLE (Line Drive, 3D, EV 96.2 MPH) Joe Zeiset scores
|
Batting: RHB Willie Gonzales
|
0-0: Ball 1-0: Swinging Strike 1-1: SINGLE (Popup, 6MD, EV 45.6 MPH) Devon Grant to third Runner from 3rd tries for Home, SAFE, throw by SS to home
|
Batting: RHB Jeremy Givens
|
0-0: Ball Pickoff Throw to First - Error! E1 Willie Gonzales to second 1-0: Called Strike 1-1: Ball 2-1: DOUBLE (Line Drive, 7LM, EV 108.8 MPH) Willie Gonzales scores
|
Pitching: RHP Eric Erickson
|
|
Batting: RHB Gashie Chimsima
|
0-0: Ball 1-0: Ball 2-0: Called Strike 2-1: Foul Ball, location: 2F 2-2: Strikes out swinging, 2-3 out at first.
|
Bottom of the 6th over - 8 runs, 6 hits, 2 errors, 1 left on base; Idaho Falls 1 - Mahoning Valley 18 |
TOP OF THE 7TH |
Idaho Falls Chukars batting - Pitching for Mahoning Valley Scrappers : RHP Marcus Cox
|
Pitching: RHP Victor Amador
|
|
Batting: RHB Ben Minge
|
0-0: Called Strike 0-1: Ball 1-1: Ball 2-1: Ball 3-1: Base on Balls
|
Batting: LHB Randy Stapleton
|
0-0: Ball 1-0: Called Strike 1-1: Swinging Strike 1-2: Fielders Choice at 2nd, 3-6 (Groundball, 3, EV 89.4 MPH)
|
Batting: RHB Timotheus Cooper
|
0-0: Foul Ball, location: 2F 0-1: Ball 1-1: Called Strike 1-2: Ball 2-2: Strikes out looking
|
Batting: RHB Chad Sullivan
|
0-0: Ball 1-0: Ball Randy Stapleton steals 2nd base (no throw) 2-0: Called Strike 2-1: Fly out, F8 (Flyball, 8LM, EV 86.9 MPH)
|
Top of the 7th over - 0 runs, 0 hits, 0 errors, 1 left on base; Idaho Falls 1 - Mahoning Valley 18 |
BOTTOM OF THE 7TH |
Mahoning Valley Scrappers batting - Pitching for Idaho Falls Chukars : RHP Eric Erickson
|
Batting: LHB Tom Bemis
|
0-0: Ball 1-0: Swinging Strike 1-1: Fly out, F7 (Flyball, 78M, EV 86.9 MPH)
|
Pinch Hitting: RHB Tetsuhiro Taki
|
0-0: Ball 1-0: Called Strike 1-1: Foul Ball, location: 2F 1-2: Foul Ball, location: 2F 1-2: Foul Ball, location: 2F 1-2: Ball 2-2: Ball 3-2: Base on Balls
|
Batting: RHB Ricky Cordova
|
0-0: Ball Wild Pitch! Tetsuhiro Taki to second 1-0: Called Strike 1-1: Ball 2-1: Reached via error on a dropped throw from 2B, E3 (Groundball, 4, EV 108.8 MPH) Tetsuhiro Taki to third
|
Batting: RHB Ryan Gautney
|
Balk! Tetsuhiro Taki scores Ricky Cordova to second 0-0: Ball 1-0: Ball 2-0: Ball Wild Pitch! Ricky Cordova to third 3-0: Called Strike 3-1: Called Strike 3-2: SINGLE (Groundball, 6D, EV 101.2 MPH) Ricky Cordova scores
|
Batting: SHB Joe Zeiset
|
0-0: Called Strike 0-1: Called Strike 0-2: Ball 1-2: Foul Ball, location: 2F 1-2: Strikes out swinging
|
Batting: LHB Devon Grant
|
0-0: Ball Wild Pitch! Ryan Gautney to second 1-0: Ball 2-0: Ball 3-0: Called Strike 3-1: Base on Balls
|
Batting: RHB Willie Gonzales
|
0-0: Foul Ball, location: 2F 0-1: Ball 1-1: Fielders Choice at 2nd, 6-4 (Groundball, 6, EV 84.4 MPH)
|
Bottom of the 7th over - 2 runs, 1 hit, 1 error, 2 left on base; Idaho Falls 1 - Mahoning Valley 20 |
TOP OF THE 8TH |
Idaho Falls Chukars batting - Pitching for Mahoning Valley Scrappers : RHP Victor Amador
|
Now in LF: Andy Lewis
|
|
Now in RF: Ricky Cordova
|
|
Batting: RHB Kevin Allen
|
0-0: Ground out U3 (Groundball, 34, EV 106.9 MPH)
|
Batting: RHB Edite Leoni
|
0-0: Called Strike 0-1: Ball 1-1: Ball 2-1: Ball 3-1: DOUBLE (Line Drive, 78D, EV 106.2 MPH)
|
Batting: RHB Ken Postlethwaite
|
0-0: Foul Ball, location: 2F 0-1: Swinging Strike 0-2: Ball Wild Pitch! Edite Leoni to third 1-2: Strikes out looking
|
Batting: RHB Nate De Jongh
|
0-0: Ball 1-0: Foul Ball, location: 2F 1-1: Foul Ball, location: 2F 1-2: SINGLE (Groundball, 5S, EV 66.9 MPH) (infield hit) Edite Leoni scores
|
Batting: RHB Eric Dyer
|
0-0: Called Strike 0-1: Called Strike 0-2: Ball 1-2: Strikes out swinging, 2-3 out at first.
|
Top of the 8th over - 1 run, 2 hits, 0 errors, 1 left on base; Idaho Falls 2 - Mahoning Valley 20 |
BOTTOM OF THE 8TH |
Mahoning Valley Scrappers batting - Pitching for Idaho Falls Chukars : RHP Eric Erickson
|
Batting: RHB Jeremy Givens
|
0-0: Ball 1-0: Called Strike 1-1: Ground out 6-3 (Groundball, 6MD, EV 110.0 MPH)
|
Batting: RHB Gashie Chimsima
|
0-0: Ground out 4-3 (Groundball, 4S, EV 69.4 MPH)
|
Batting: LHB Tom Bemis
|
0-0: Foul Ball, location: 2F 0-1: Ball 1-1: Swinging Strike 1-2: Hit by Pitch
|
Batting: RHB Andy Lewis
|
0-0: Called Strike 0-1: Foul Ball, location: 2F 0-2: Ball 1-2: Fly out, F9 (Flyball, 89S, EV 81.9 MPH)
|
Bottom of the 8th over - 0 runs, 0 hits, 0 errors, 1 left on base; Idaho Falls 2 - Mahoning Valley 20 |
TOP OF THE 9TH |
Idaho Falls Chukars batting - Pitching for Mahoning Valley Scrappers : RHP Victor Amador
|
Batting: RHB Ben Minge
|
0-0: Ball 1-0: Called Strike 1-1: Foul Ball, location: 2F 1-2: Ball 2-2: Foul Ball, location: 2F 2-2: SINGLE (Groundball, 34D, EV 93.8 MPH)
|
Batting: LHB Randy Stapleton
|
0-0: Ball 1-0: Called Strike 1-1: Ball 2-1: Foul Ball, location: 2F 2-2: Foul Ball, location: 2F 2-2: Foul Ball, location: 2F 2-2: Foul Ball, location: 2F 2-2: Strikes out swinging
|
Pitching: RHP Mario del Rio
|
|
Batting: RHB Timotheus Cooper
|
0-0: Called Strike 0-1: DOUBLE (Line Drive, 9LM, EV 110.6 MPH) Ben Minge to third
|
Batting: RHB Chad Sullivan
|
0-0: Ball 1-0: Ground out 6-3 (Groundball, 6, EV 84.4 MPH) Ben Minge scores
|
Batting: RHB Kevin Allen
|
0-0: Foul Ball, location: 2F 0-1: Ball 1-1: Foul Ball, location: 2F 1-2: Strikes out looking
|
Top of the 9th over - 1 run, 2 hits, 0 errors, 1 left on base; Idaho Falls 3 - Mahoning Valley 20 |
|